 Dungeon Crawl Stone Soup version 0.20-a0-421-gf6b327c (webtiles) character file.

20217 Kurtz the Bludgeoner (level 12, -2/101 HPs)
             Began as a Demigod Gladiator on Jan 1, 2017.
             Slain by an eight-headed hydra (6 damage)
             ... on level 3 of the Lair of Beasts.
             The game lasted 00:26:24 (17972 turns).

Kurtz the Bludgeoner (Demigod Gladiator)           Turns: 17972, Time: 00:26:25

Health: -2/101     AC: 23    Str: 20    XL:     12   Next: 15%
Magic:  15/15      EV:  8    Int: 12    God:
Gold:   747        SH:  0    Dex: 22    Spells: 11/11 levels left

rFire  . . .     SeeInvis .     I - +0 dire flail (crush)
rCold  . . .     Gourm    .     S - +0 plate armour
rNeg   . . .     Faith    .     (shield currently unavailable)
rPois  .         Spirit   .     c - +0 helmet
rElec  .         Reflect  .     E - +0 cloak
rCorr  .         Harm     .     j - +0 pair of gloves
MR     ++...                    M - +0 pair of boots
Stlth  ..........               (no amulet)
                                A - +4 ring of protection
                                l - ring of protection from magic

@: no status effects
A: high mp 1
a: no special abilities


You were on level 3 of the Lair of Beasts.
You were not hungry.

You visited 2 branches of the dungeon, and saw 14 of its levels.

You collected 747 gold pieces.

Inventory:

Hand Weapons
 I - a +0 dire flail of crushing (weapon)
Missiles
 P - 84 poisoned needles
 W - a throwing net (quivered)
 X - 4 tomahawks
Armour
 c - a +0 helmet (worn)
 j - a +0 pair of gloves (worn)
 E - a +0 cloak (worn)
 M - a +0 pair of boots (worn)
 S - a +0 plate armour (worn)
Jewellery
 l - a ring of protection from magic (left hand)
 A - a +4 ring of protection (right hand)
 B - an uncursed ring of fire
 Q - an uncursed ring of flight
Wands
 a - a wand of confusion (10/48)
 d - a wand of random effects (0/48)
 h - a wand of paralysis (9/24)
 o - a wand of flame (33/48)
 F - a wand of iceblast (0/15)
 V - a wand of iceblast (0/15)
Scrolls
 e - 2 scrolls of magic mapping
 p - a scroll of brand weapon {unknown}
 q - a scroll of vulnerability
 s - 6 scrolls of fear {unknown}
 t - a scroll of fog
 u - 6 scrolls of teleportation
 w - 3 scrolls of blinking
 y - 3 scrolls of enchant weapon {unknown}
 G - 2 scrolls of recharging {unknown}
 L - 2 scrolls of noise {unknown}
 R - 2 scrolls of immolation {unknown}
Potions
 b - a potion of berserk rage
 g - a potion of beneficial mutation
 i - a potion of flight
 k - 4 potions of agility
 m - 2 potions of heal wounds
 n - 2 potions of resistance
 x - 6 potions of lignification {unknown}
 H - 3 potions of haste
 J - a potion of cure mutation
 K - 6 potions of curing
 N - a potion of magic {unknown}
Books
 r - a book of Summonings

   Spells                             Type                      Level
   a - Recall                         Summoning/Translocation      3
   b - Aura of Abjuration             Summoning                    5
   c - Summon Demon                   Summoning                    5
   d - Summon Forest                  Summoning/Translocation      5
   e - Summon Mana Viper              Hexes/Summoning              5
   f - Shadow Creatures               Summoning                    6
Comestibles
 f - 2 bread rations
 z - 6 meat rations
 C - 8 fruits
 O - 11 royal jellies
 U - 6 beef jerkies


   Skills:
 + Level 7.7 Fighting
 * Level 15.2 Maces & Flails
 - Level 1.7 Throwing
 + Level 8.0 Armour
 - Level 2.6 Dodging


You had 11 spell levels left.
You didn't know any spells.

Dungeon Overview and Level Annotations

Branches:
Dungeon (11/15)            Temple (0/1) D:4            Lair (3/6) D:9
  Snake (0/4) Lair:2
  Swamp: Lair:2-4    Shoals: Lair:2-4       Orc: D:9-12

Annotations:
D:11 Grum


Innate Abilities, Weirdness & Mutations

You have an increased reservoir of magic. (+10% MP)


Message History

The eight-headed hydra closely misses you.
The eight-headed hydra bites you but does no damage.
The eight-headed hydra bites you.
* * * LOW HITPOINT WARNING * * *
The eight-headed hydra bites you but does no damage.
The eight-headed hydra bites you!
* * * LOW HITPOINT WARNING * * *
The eight-headed hydra bites you!
* * * LOW HITPOINT WARNING * * *
The eight-headed hydra completely misses you.
Okay, then.
Okay, then.
A vampire mosquito comes into view.
The vampire mosquito buzzes angrily.
The eight-headed hydra bites you but does no damage.
The eight-headed hydra barely misses you.
The eight-headed hydra bites you.
* * * LOW HITPOINT WARNING * * *
The eight-headed hydra bites you.
You die...

#..#.### ...P ##..## ..P
...# #..## ..# ..P##
#..# ..# ...#####.y## .#
....##....# ##
#....##..## .#
#.......D.# .#
#####...†...@.##
#####.#..#..#.##...##..#
............P...........
........................
....................##..
.....................# .
.......................
........................
........................


You could see an eight-headed hydra and a vampire mosquito.

Vanquished Creatures
  2 hydras
  6 two-headed ogres
  The ghost of BurningArk the Carver, a novice DrMo of Trog (D:7)
  Sonja (D:11)
  A manticore (D:11)
  A black mamba (Lair:1)
  Joseph (Lair:1)
  The ghost of Phantom the Skirmisher, an amateur DsMo of Makhleb (D:3)
  4 hippogriffs
  3 hornets (D:9)
  18 yaks
  A wyvern (D:10)
  A hungry ghost (D:9)
  A soldier ant (D:9)
  The ghost of Belltower the Conjurer, an amateur OpCj (D:4)
  3 nagas (Lair:2)
  2 water moccasins
  4 porcupines
  3 sky beasts
  An eye of draining (D:11)
  4 orc warriors
  4 ice beasts
  A black bear (D:7)
  A necrophage (D:11)
  5 ogres
  5 wolves (Lair:2)
  9 centaurs
  2 crocodiles
  A big kobold (D:9)
  15 bullfrogs
  A wyvern skeleton (D:11)
  A water moccasin zombie (D:9)
  A scorpion (D:6)
  11 killer bees
  9 wights
  6 howler monkeys
  A centaur zombie (D:11)
  2 bullfrog zombies
  10 crimson imps
  11 orc priests
  5 bullfrog skeletons
  7 hounds
  5 jellies
  8 orc wizards
  2 centaur skeletons
  2 iguanas
  Natasha (thrice) (D:3)
  Terence (D:2)
  11 worker ants
  A killer bee zombie (D:8)
  A hound zombie (D:7)
  2 howler monkey skeletons
  6 adders
  2 shadow imps
  2 oozes
  2 adder skeletons
  An adder zombie (D:8)
  4 worms
  6 leopard geckos
  49 orcs
  12 bats
  5 giant cockroaches
  5 goblins
  12 hobgoblins
  6 jackals
  6 quokkas
  4 ball pythons
  5 frilled lizards
  A jackal skeleton (D:5)
  17 kobolds
  A leopard gecko skeleton (D:6)
  8 rats
  A fungus (Lair:3)
359 creatures vanquished.

Vanquished Creatures (others)
  A plant (Lair:1)
1 creature vanquished.

Grand Total: 360 creatures vanquished

Notes
Turn   | Place    | Note
-------+----------+-------------------------------------------
     0 | D:1      | Kurtz the Demigod Gladiator began the quest for the Orb.
     0 | D:1      | Reached XP level 1. HP: 17/17 MP: 3/3
   103 | D:1      | Reached skill level 3 in Maces & Flails
   147 | D:1      | Reached XP level 2. HP: 13/24 MP: 4/4
   815 | D:2      | Reached XP level 3. HP: 29/29 MP: 5/5
   902 | D:2      | Reached skill level 4 in Maces & Flails
  1011 | D:2      | Noticed Terence
  1028 | D:2      | Killed Terence
  1366 | D:2      | Reached XP level 4. HP: 36/36 MP: 6/6
  1547 | D:3      | Noticed an ogre
  1548 | D:3      | Noticed Natasha
  1563 | D:2      | Killed an ogre
  1563 | D:2      | Reached skill level 5 in Maces & Flails
  1563 | D:2      | Reached XP level 5. HP: 41/41 MP: 7/7
  1971 | D:3      | Noticed Phantom's ghost (amateur DsMo)
  1979 | D:3      | Killed Natasha
  1979 | D:3      | Reached skill level 1 in Armour
  2243 | D:4      | Found a staircase to the Ecumenical Temple.
  2885 | D:4      | Reached skill level 6 in Maces & Flails
  2969 | D:4      | Noticed Belltower's ghost (amateur OpCj)
  3208 | D:4      | Killed Belltower's ghost
  3208 | D:4      | Reached XP level 6. HP: 45/48 MP: 8/8
  3319 | D:4      | Reached skill level 7 in Maces & Flails
  3542 | D:5      | Entered Level 5 of the Dungeon
  3830 | D:5      | Reached XP level 7. HP: 53/53 MP: 9/9
  4633 | D:6      | Reached skill level 8 in Maces & Flails
  5072 | D:7      | Reached XP level 8. HP: 41/62 MP: 10/10
  5191 | D:7      | Noticed BurningArk's ghost (novice DrMo)
  5205 | D:6      | Reached skill level 9 in Maces & Flails
  5834 | D:3      | Noticed Natasha
  5841 | D:3      | Killed Natasha
  5843 | D:3      | Noticed Natasha
  5849 | D:3      | Killed Natasha
  6428 | D:3      | Killed Phantom's ghost
  6827 | D:6      | Reached skill level 10 in Maces & Flails
  7462 | D:7      | Found a shattered altar of Ashenzari.
  7823 | D:7      | Reached XP level 9. HP: 62/70 MP: 11/11
  8579 | D:8      | Noticed a two-headed ogre
  8588 | D:8      | Killed a two-headed ogre
  8588 | D:8      | Reached skill level 11 in Maces & Flails
  9069 | D:8      | Noticed a two-headed ogre
  9082 | D:8      | Killed a two-headed ogre
  9082 | D:8      | Reached skill level 12 in Maces & Flails
  9242 | D:8      | Noticed a two-headed ogre
  9254 | D:8      | Killed a two-headed ogre
  9254 | D:8      | Reached XP level 10. HP: 42/80 MP: 13/13
  9744 | D:8      | Noticed a two-headed ogre
  9754 | D:8      | Killed a two-headed ogre
  9754 | D:8      | Reached skill level 5 in Fighting
  9754 | D:8      | Reached skill level 5 in Armour
  9796 | D:9      | Found a hide-covered altar of Uskayaw.
  9862 | D:9      | Noticed a two-headed ogre
  9874 | D:9      | Killed a two-headed ogre
  9874 | D:9      | Reached skill level 13 in Maces & Flails
  9956 | D:9      | Found a staircase to the Lair.
 10579 | D:9      | Paralysed by a hornet for 2 turns
 12545 | D:9      | Reached XP level 11. HP: 79/89 MP: 14/14
 13321 | D:7      | Killed BurningArk's ghost
 13370 | D:10     | Entered Level 10 of the Dungeon
 13372 | D:10     | Noticed a two-headed ogre
 13586 | D:10     | Reached skill level 14 in Maces & Flails
 13729 | D:10     | Gained mutation: Your system is resistant to poisons. (rPois) [mutagenic meat]
 13730 | D:10     | Gained mutation: Scrolls take you a little longer to read. [mutagenic meat]
 13731 | D:10     | Gained mutation: You are clumsy. (Dex -2) [mutagenic meat]
 13772 | D:10     | Noticed a two-headed ogre
 14318 | D:10     | Got an obsidian-encrusted scale mail
 14338 | D:9      | Identified the cursed +1 scale mail of Duptiyku {Int+8} (You found it on level 10 of the Dungeon)
 14394 | D:10     | Found a stormy altar of Qazlal.
 14418 | D:10     | Killed a two-headed ogre
 14911 | D:11     | Noticed Sonja
 14916 | D:11     | Killed Sonja
 15419 | D:11     | Noticed Grum
 15695 | Lair:1   | Entered Level 1 of the Lair of Beasts
 15872 | Lair:1   | Noticed a five-headed hydra
 15883 | Lair:1   | Killed a five-headed hydra
 16189 | Lair:1   | Found a stormy altar of Qazlal.
 16422 | Lair:1   | Noticed Joseph
 16445 | Lair:1   | Killed Joseph
 16557 | Lair:1   | Reached skill level 15 in Maces & Flails
 16813 | Lair:1   | Gained mutation: Armour fits poorly on your strangely shaped body. [potion of mutation]
 16813 | Lair:1   | Gained mutation: Your spells are a little easier to cast, but a little less powerful. [potion of mutation]
 16813 | Lair:1   | Gained mutation: Your flesh is heat resistant. (rF+) [potion of mutation]
 16814 | Lair:1   | Lost mutation: You are clumsy. (Dex -2) [potion of mutation]
 16814 | Lair:1   | Lost mutation: Your system is resistant to poisons. (rPois) [potion of mutation]
 16814 | Lair:1   | Gained mutation: You are covered in fur. (AC +1) [potion of mutation]
 16815 | Lair:1   | Lost mutation: Scrolls take you a little longer to read. [potion of cure mutation]
 16815 | Lair:1   | Lost mutation: Armour fits poorly on your strangely shaped body. [potion of cure mutation]
 16815 | Lair:1   | Lost mutation: Your spells are a little easier to cast, but a little less powerful. [potion of cure mutation]
 16815 | Lair:1   | Lost mutation: Your flesh is heat resistant. (rF+) [potion of cure mutation]
 16815 | Lair:1   | Lost mutation: You are covered in fur. (AC +1) [potion of cure mutation]
 16929 | Lair:2   | Reached XP level 12. HP: 82/100 MP: 15/15
 17246 | Lair:2   | Noticed a seven-headed hydra
 17259 | Lair:2   | Killed a seven-headed hydra
 17302 | Lair:2   | Found a staircase to the Snake Pit.
 17943 | Lair:3   | Noticed an eight-headed hydra
 17972 | Lair:3   | HP: 4/101 [eight-headed hydra (4)]
 17972 | Lair:3   | Slain by an eight-headed hydra

Vault maps used:
D:1:      dpeg_arrival_subterranean_lakeside_camping
D:2:      uniq_terence
D:3:      minmay_misc_feat_alley, uniq_natasha
D:4:      first_bread, hex_medium, st_stairs_9
D:5:      minmay_liquid_box
D:6:      hangedman_abyss_or_decor_stagger
D:7:      basic_altar
D:9:      lair_entry_dummy, basic_altar, hangedman_pestilent_swarm
D:10:     nicolae_qazlal_eye_of_the_storm
D:11:     basic_altar, uniq_grum, uniq_sonja
Lair:1:   basic_altar, grunt_megastairs_1, serial_bayou_shore_a, uniq_joseph
Lair:2:   guppyfry_snake_entry_garden
Lair:3:   minmay_swamp_entry_swarm

Skill      XL: |  1  2  3  4  5  6  7  8  9 10 11 12 |
---------------+-------------------------------------+-----
Maces & Flails | 3 4 5 6 7 8 10 12 13 15 | 15.2
Armour         | 1 2 3 4 5 7 8 |  8.0
Fighting       | 2 3 4 5 7 |  7.7
Throwing       | |  1.7
Dodging        | |  2.6

Action                   |  1- 3 |  4- 6 |  7- 9 | 10-12 || total
-------------------------+-------+-------+-------+-------++-------
Melee: Flail             |   152 |   248 |   220 |       ||   620
       Morningstar       |       |       |   196 |     2 ||   198
       Dire flail        |       |       |       |   777 ||   777
Throw: Throwing net      |     2 |     1 |     2 |     2 ||     7
       Tomahawk          |       |     2 |     6 |    12 ||    20
Evoke: Wand              |       |       |     2 |    12 ||    14
  Use: Scroll            |       |     3 |    10 |    10 ||    23
       Potion            |       |       |     3 |     9 ||    12
 Stab: Sleeping          |     1 |       |       |       ||     1
       Held in net/web   |     1 |     1 |       |       ||     2
       Paralysed         |       |       |       |     4 ||     4
       Confused          |       |       |       |     3 ||     3
  Eat: Chunk             |     2 |     8 |    14 |    29 ||    53
       Beef jerky        |       |       |     1 |       ||     1
       Pizza             |       |       |     1 |     1 ||     2
       Fruit             |       |       |       |     1 ||     1
       Bread ration      |       |       |       |     1 ||     1
Armor: Leather armour    |    42 |       |       |       ||    42
       Ring mail         |    17 |       |       |       ||    17
       Scale mail        |    16 |   129 |    53 |       ||   198
       Chain mail        |       |       |    95 |       ||    95
       Plate armour      |       |       |    76 |   484 ||   560
Dodge: Dodged            |   144 |   156 |   187 |   209 ||   696
